[Event "49th Biel Juniors Challenge"]
[Site "Biel"]
[Date "2016.07.25"]
[Round "5"]
[White "Rambaldi, Francesco"]
[Black "Studer, Noel"]
[Result "1-0"]
[ECO "C11"]
[WhiteElo "2544"]
[BlackElo "2462"]
[PlyCount "129"]
[EventDate "2016.??.??"]
[EventCountry "SUI"]
[Source "ChessBase"]
[TimeControl "900+5"]

1. e4 e6 2. d4 d5 3. Nc3 Nf6 4. e5 Nfd7 5. f4 c5 6. Nf3 Nc6 7. Be3 a6 8. Qd2 b5 9. a3 Qa5 10. Be2 b4 11. Nd1 Rb8 12. c3 c4 13.
O-O bxa3 14. bxa3 Rb3 15. a4 Nb6 16. Qc2 Ra3 17. Rxa3 Bxa3 18. Bd2 Qxa4 19. Qb1 Qb3 20. Qa1 Na4 21. Be1 Be7 22. f5 exf5 23.
Ne3 Nb6 24. Bd1 Qb5 25. Rf2 Na5 26. Rb2 Nb3 27. Qa2 Bd8 28.
Qb1 Qd7 29. g4 fxg4 30. Nh4 O-O 31. Nhf5 Qc6 32. Rg2 g6 33. Nh6+ Kg7 34. Nhxg4 h5 35. Nf2 Rh8 36. Nh1 h4 37. Bc2 h3 38. Rf2 Bg5 39. Rf3 a5 40. Rg3 Bf4 41. Rf3 Bh6 42. Nf2 Be6 43.
Nfg4 Bg5 44. Nf6 a4 45. Kh1 Nd7 46. Rg3 Bf4 47. Rf3 Bg5 48.
Rg3 Bh4 49. Rg1 Bxf6 50. exf6+ Nxf6 51. Bxg6 Kf8 52. Bg3 Nd2 53. Qb4+ Ke8 54. Bc2 Nb3 55. Qb8+ Bc8 56. Nf5 Kd7 57. Nd6 Ne4 58. Qa7+ Bb7 59. Nxb7 Ke6 60. Rf1 f5 61. Rxf5 Rh7 62. Nd8+ Kxf5 63. Qxh7+ Qg6 64. Qd7+ Kg5 65. Nf7+ 1-0

[Event "49th Biel Juniors Challenge"]
[Site "Biel"]
[Date "2016.07.26"]
[Round "6"]
[White "Studer, Noel"]
[Black "Rambaldi, Francesco"]
[Result "1/2-1/2"]
[ECO "A50"]
[WhiteElo "2462"]
[BlackElo "2544"]
[PlyCount "95"]
[EventDate "2016.??.??"]
[EventCountry "SUI"]
[Source "ChessBase"]
[TimeControl "40/6000+30:20/3000+30:900+30"]

1. d4 Nf6 2. c4 g6 3. f3 Nc6 4. d5 Ne5 5. e4 d6 6. Nc3 Bg7 7. f4 Ned7 8. Nh3 O-O 9. Be2 Nb6 10. Nf2 e6 11. Be3 exd5 12. cxd5 c6 13. dxc6 bxc6 14. Qd2 Be6 15. O-O d5 16. exd5 Nfxd5 17. Nxd5 Nxd5 18. Bc5 Re8 19. Rad1 Qb8 20. Nd3 Bf5 21. Bf3 Qb5 22. Bf2 Bh6 23. g3 Rad8 24. Nc5 Bg7 25. Nb3 Bh3 26. Rfe1 Rxe1+ 27. Rxe1 Qb4 28. Re2 Qb8 29. Qa5 Nb6 30. Qe1 Nc4 31. Nd4 Bd7 32. b3 c5 33. Nc6 Bxc6 34. Bxc6 Nb2 35. Re8+ Rxe8 36. Bxe8 Qd8 37. Bb5 Bd4 38. Bf1 Nd1 39. Bxd4 Qxd4+ 40. Kh1 Ne3 41. Qe2 Kg7 42. Qd3 Qa1 43. Qxe3 Qxf1+ 44. Qg1 Qf3+ 45. Qg2 Qd1+ 46. Qg1 Qd5+ 47. Qg2 Qd1+ 48. Qg1 1/2-1/2

[Event "49th Biel Juniors Challenge"]
[Site "Biel"]
[Date "2016.07.28"]
[Round "7"]
[White "Rambaldi, Francesco"]
[Black "Studer, Noel"]
[Result "1/2-1/2"]
[ECO "D37"]
[WhiteElo "2544"]
[BlackElo "2462"]
[PlyCount "81"]
[EventDate "2016.??.??"]
[EventCountry "SUI"]
[Source "ChessBase"]
[TimeControl "40/6000+30:20/3000+30:900+30"]

1. d4 e6 2. Nf3 Nf6 3. c4 d5 4. Nc3 Nbd7 5. Bf4 dxc4 6. e3 b5 7. Nxb5 Bb4+ 8. Nc3 Nd5 9. a3 Nxc3 10. Qd2 Nd5 11. axb4 Nxf4 12. exf4 Nb6 13. Be2 Bb7 14. O-O Qd6 15. Ra5 O-O 16. Rc5 Rfb8 17. Ne5 Bd5 18. Bxc4 Nxc4 19. Nxc4 Bxc4 20. Rxc4 Rb7 21. Rfc1 Rab8 22. g3 h5 23. Qd1 g6 24. b5 Rd8 25. Rc6 Qd5 26. Rxc7 Rxb5 27. Rxa7 Rxb2 28. Ra4 Rdb8 29. Rac4 Kg7 30. Rc5 Qa2 31. Ra1 Rb1 32. Rxb1 Rxb1 33. Rc1 Rb2 34. Qf1 Qd5 35. Rd1 Qf3 36. Rd3 Qe4 37. Rd1 Qf3 38. Rd3 Qe4 39. h4 Re2 40. Rd1 Qf3 41. Re1 1/2-1/2

[Event "49th Biel Juniors Challenge"]
[Site "Biel"]
[Date "2016.07.29"]
[Round "8"]
[White "Studer, Noel"]
[Black "Rambaldi, Francesco"]
[Result "1/2-1/2"]
[ECO "E06"]
[WhiteElo "2462"]
[BlackElo "2544"]
[PlyCount "95"]
[EventDate "2016.??.??"]
[EventCountry "SUI"]
[Source "ChessBase"]
[TimeControl "40/6000+30:20/3000+30:900+30"]

1. d4 Nf6 2. c4 e6 3. g3 d5 4. Nf3 Be7 5. Bg2 O-O 6. O-O dxc4 7. Qc2 a6 8. a4 Bd7 9. Qxc4 Bc6 10. Bf4 Bd6 11. Qc1 a5 12. Nc3 Na6 13. Bg5 h6 14. Bh4 Bxf3 15. Bxf3 c6 16. Ne4 Be7 17. Bxf6 Bxf6 18. Rd1 Be7 19. Qc3 Qc7 20. Rac1 Rfd8 21. e3 Nb4 22. Qb3 Ra6 23. Nd2 Nd5 24. Nc4 Bf6 25. Be2 Raa8 26. f4 Nb4 27. h4 g6 28. Ne5 Qe7 29. Bf3 Rac8 30.
Rc5 Bxe5 31. fxe5 b6 32. Rc4 c5 33. Qc3 Rc7 34. Be4 Rdc8 35.
Qd2 Qd7 36. b3 cxd4 37. Rxd4 Qe7 38. Rd6 Rc3 39. Rf1 Qc7 40. Kh2 Nd5 41. Rf3 Qe7 42. Qd4 Rxb3 43. Bxd5 Rc2+ 44. Kg1 Rb1+ 45. Rf1 Rxf1+ 46. Kxf1 exd5 47. Qxd5 Rc5 48.
Rxg6+ 1/2-1/2

[Event "49th Biel Juniors Challenge"]
[Site "Biel"]
[Date "2016.07.31"]
[Round "9"]
[White "Rambaldi, Francesco"]
[Black "Studer, Noel"]
[Result "1/2-1/2"]
[ECO "D37"]
[WhiteElo "2544"]
[BlackElo "2462"]
[PlyCount "102"]
[EventDate "2016.??.??"]
[EventCountry "SUI"]
[Source "ChessBase"]
[TimeControl "40/6000+30:20/3000+30:900+30"]

1. d4 e6 2. c4 Nf6 3. Nf3 d5 4. Nc3 Nbd7 5. Bg5 h6 6. Bh4 Be7 7. e3 O-O 8. Rc1 c5 9. cxd5 Nxd5 10. Bxe7 Nxe7 11. Be2 Qb6 12. b3 Nf6 13. O-O cxd4 14. Qxd4 Qxd4 15. Nxd4 Bd7 16. Bf3 Rab8 17. Ndb5 a6 18. Nd6 b6 19. Rfd1 Rfd8 20. Bb7 a5 21. Ba6 Kf8 22. e4 g5 23. f3 Ng6 24. Kf2 Bc6 25. Bb5 Bxb5 26. Ncxb5 Ne5 27. g3 Rd7 28. f4 Ng6 29. Kf3 gxf4 30. gxf4 Nh5 31. Nc4 Rbd8 32. Rxd7 Rxd7 33. f5 Rd3+ 34. Kf2 exf5 35. exf5 Nh4 36. Nxb6 Rf3+ 37. Ke2 Nf4+ 38. Kd2 Nxf5 39. Re1 Rf2+ 40. Kc3 Rxa2 41. Rf1 Rc2+ 42. Kxc2 Ne3+ 43. Kc3 Nxf1 44. h4 Ne3 45. Kd4 Neg2 46. Nc4 Ne6+ 47. Ke5 Nxh4 48. Nxa5 Nf3+ 49. Ke4 Neg5+ 50. Kf4 h5 51. Nd4 Nxd4 {[%emt 0:00:04] Ke4} 1/2-1/2

[Event "49th Biel Juniors Challenge"]
[Site "Biel"]
[Date "2016.08.01"]
[Round "10"]
[White "Studer, Noel"]
[Black "Rambaldi, Francesco"]
[Result "1/2-1/2"]
[ECO "A62"]
[WhiteElo "2462"]
[BlackElo "2544"]
[PlyCount "119"]
[EventDate "2016.??.??"]
[EventCountry "SUI"]
[Source "ChessBase"]
[TimeControl "40/6000+30:20/3000+30:900+30"]

1. d4 Nf6 2. c4 e6 3. g3 c5 4. d5 exd5 5. cxd5 d6 6. Nc3 g6 7. Bg2 Bg7 8. Nf3 O-O 9. O-O Re8 10. Bf4 Bf5 11. Nh4 Bc8 12. Nf3 Bf5 13. Nh4 Bc8 14. Qd2 a6 15. a4 Qe7 16. Rfe1 Nbd7 17. Nf3 Rb8 18. Rab1 Ng4 19. Qc2 Nde5 20. Nxe5 Nxe5 21. b4 cxb4 22. Rxb4 Bf5 23. Ne4 a5 24. Rb5 Ng4 25. Bxd6 Qxd6 26. Nxd6 Bxc2 27. Nxe8 Rxe8 28. Rxb7 Bxa4 29. h3 Ne5 30. Rc1 Nd7 31. e3 Bf8 32. Ra1 Nc5 33. Ra7 Bg7 34. Rc1 Bf8 35. Ra1 Bg7 36. Rc1 Bf8 37. Rc3 Nd7 38. Rcc7 Bc5 39. Rxa5 Bb6 40. Rxa4 Bxc7 41. Ra7 Rc8 42. d6 Bxd6 43. Rxd7 Rc1+ 44. Kh2 Rd1 45. Bc6 Kf8 46. Kg2 Rd2 47. e4 Bb4 48. Bd5 Be7 49. h4 h6 50.
Kf3 g5 51. h5 Rc2 52. Rb7 Rd2 53. Rc7 Rb2 54. Ke3 g4 55. e5 Bg5+ 56. f4 gxf3+ 57. Kxf3 Be7 58. Rc4 Rb3+ 59. Kf4 Rb4 60. Ke4
1/2-1/2